 Dungeon Crawl Stone Soup version 0.29-a0-876-gfc89b1a5bd (webtiles) character file.

Game seed: 3614856328168952437

1581 buhh the Carver (level 9, -8/60 (75) HPs)
             Began as a Meteoran Fighter on July 19, 2022.
             Was a Follower of Okawaru.
             Mangled by an orc knight
             ... wielding a +0 halberd
              (17 damage)
             ... in a bailey.
             The game lasted 00:10:20 (2587 turns).

buhh the Carver (Meteoran Fighter)                  Turns: 2587, Time: 00:10:21

HP:   -8/60 (75)    AC:  8    Str: 19    XL:     9   Next: 36%
MP:   13/13         EV:  9    Int: 10    God:    Okawaru [*.....]
Gold: 242           SH:  5    Dex: 17    Spells: 8/8 levels left

rFire   + . .      SeeInvis .   i - +1 long sword
rCold   + . .      Faith    .   r - +0 buckler
rNeg    . . .      Spirit   .   h - +0 scale mail
rPois   +          Reflect  .   t - +0 helmet
rElec   +          Harm     .   (no cloak)
rCorr   +          Rampage  .   (no gloves)
Will    +....                   (no boots)
Stlth   ..........              (no amulet)
HPRegen 0.20/turn               (no ring)
MPRegen 0.13/turn               (no ring)

@: resistant, glowing, heavily drained
A: sense surroundings 2, otherworldly, glowing, explore regen
a: Renounce Religion, Heroism


You were in a bailey.
You worshipped Okawaru.
Okawaru was aware of your devotion.
You visited 1 branch of the dungeon, and saw 7 of its levels.
You also visited: Bailey.

You collected 242 gold pieces.

Inventory:

Hand Weapons
 g - a +1 sling of flaming
 i - a +1 long sword (weapon)
Missiles
 q - 5 poisoned darts (quivered)
Armour
 h - a +0 scale mail (worn)
 r - a +0 buckler (worn)
 t - a +0 helmet (worn)
Wands
 E - a wand of flame (13)
 F - a wand of charming (17)
Scrolls
 b - 4 scrolls of blinking {!d}
 c - a scroll of teleportation {!d!d}
 j - a scroll of summoning
 m - a scroll of enchant armour {unknown}
 w - a scroll of brand weapon {unknown}
Potions
 a - a potion of cancellation {unknown}
 e - a potion of degeneration {unknown}
 f - a potion of mutation {unknown}
 n - a potion of heal wounds {unknown}
 o - a potion of attraction {unknown}
 p - a potion of berserk rage {unknown}
 s - a potion of resistance {!d}
 u - a potion of lignification {unknown}


   Skills:
 + Level 5.9 Fighting
 * Level 11.1 Long Blades
 - Level 3.7 Armour
 - Level 3.6 Shields
 * Level 4.5 Invocations


You had 8 spell levels left.
You didn't know any spells.
Your spell library contained the following spells:

 Spells                   Type           Power      Damage    Failure   Level
 Beastly Appendage        Tmut           0%         N/A       82%         1
 Blink                    Tloc           0%         N/A       91%         2
 Ensorcelled Hibernation  Hex/Ice        0%         N/A       91%         2
 Wereblood                Tmut           0%         N/A       91%         2
 Spider Form              Tmut/Pois      0%         N/A       99%         3
 Anguish                  Hex/Necr       0%         N/A       100%        4
 Manifold Assault         Tloc           0%         N/A       100%        5
 Storm Form               Tmut/Air       0%         N/A       100%        7


Dungeon Overview and Level Annotations

Branches:
Dungeon (7/15) Zot: 1850   Temple (0/1) D:4          Bailey (1/1) Zot: 340

Altars:
Dithmenos
Okawaru
Sif Muna
Trog
Uskayaw
Wu Jian
Zin

Shops:
D:1 [   D:2 [   D:4 (


Innate Abilities, Weirdness & Mutations

You passively map the area around you.
You are easily found by Zot.
You glow in the dark.
You regain HP and MP as you explore.


Message History

s - a potion of resistance;
o - a lumpy pink potion It was a potion of curing.
You feel better.
v - a potion of curing;
m - a scroll labelled BAAGIA CADITZ You feel like a meek peon again.
You feel better.
You see here a +1 halberd of draining.
You open the door.
A gnoll and an orc knight come into view.
The gnoll is wielding a +0 halberd of electrocution.
The orc knight shouts!
Really read
l - a scroll of immolation {!r}?
Really read the scroll of immolation?
As you read the scroll of immolation {!r}, it crumbles to dust.
The creatures around you are filled with an inner flame!
As you read the scroll of fear {!d}, it crumbles to dust.
You assume a fearsome visage.
The gnoll looks frightened!
The orc knight looks frightened!
There are monsters nearby!
Aiming: Throw Flame
Press: ? - help, Shift-Dir - straight line, f - orc knight
Aim: an orc knight, wielding a +0 halberd (inner flame, fleeing, 56% to hit)
The puff of flame hits the orc knight.
Flame seeps out of the orc knight.
The orc knight is lightly wounded.
Your attack snaps the orc knight out of its fear.
The orc knight is engulfed in blazing flames.
Flame seeps out of the orc knight.
Aiming: Throw Flame
Press: ? - help, Shift-Dir - straight line, f/p - orc knight
Aim: an orc knight, wielding a +0 halberd (moderately wounded, inner flame, 56% to hit)
The puff of flame misses the orc knight.
The puff of flame misses the gnoll.
The orc knight hits you from afar with a +0 halberd!
* * * LOW HITPOINT WARNING * * *
Aiming: Throw Flame
Press: ? - help, Shift-Dir - straight line, f/p - orc knight
Aim: an orc knight, wielding a +0 halberd (moderately wounded, inner flame, 56% to hit)
The puff of flame misses the orc knight.
The puff of flame misses the gnoll.
A gnoll opens the door.
The orc knight hits you from afar with a +0 halberd!
You die...

* , * #.#
#.###.# '##+
*#'##'##)##
#g.!,, *
*#)..))##
#.!.!,*
###.)...###
,+!.⌠.
+,#.'..⌠..'.#
* !.°.
###.....### ,
.o#*
##.....#* *
#'###'##'##+
∩ #@'.###.# ,
* ##### ###


You could see an orc knight (inner flame) and a gnoll (inner flame, fleeing).

Vanquished Creatures
  Grinder (D:3)
  A water moccasin (D:6)
  2 phantoms
  2 necrophages
  A killer bee (D:7)
  2 howler monkeys (D:6)
  5 hounds
  2 jellies
  2 orc priests
  3 iguanas (D:5)
  Ijyb (D:4)
  3 orc wizards
  17 gnolls
  12 adders
  2 white imps
  3 dart slugs
  2 worms (D:2)
  24 orcs
  8 ball pythons
  4 endoplasms
  6 giant cockroaches
  8 goblins
  10 hobgoblins
  6 jackals
  5 kobolds
  3 quokkas
  2 bats (D:3)
  5 frilled lizards (D:1)
  8 rats
150 creatures vanquished.

Notes
Turn   | Place    | Note
-------+----------+-------------------------------------------
     0 | D:1      | buhh the Meteoran Fighter began the quest for the Orb.
     0 | D:1      | Reached XP level 1. HP: 19/19 MP: 2/2
    58 | D:1      | Found Peutuynt's Armour Emporium.
    64 | D:1      | Reached XP level 2. HP: 20/26 MP: 3/3
   136 | D:1      | Reached skill level 3 in Long Blades
   200 | D:1      | Reached XP level 3. HP: 31/31 MP: 4/4
   285 | D:1      | Reached skill level 4 in Long Blades
   462 | D:2      | Reached XP level 4. HP: 37/38 MP: 5/5
   490 | D:2      | Found Ujufigurubb's Antique Armour Emporium.
   567 | D:2      | Reached skill level 5 in Long Blades
   707 | D:2      | Found a faded altar of an unknown god.
   799 | D:2      | Reached XP level 5. HP: 27/45 MP: 6/6
   959 | D:3      | Found a shadowy altar of Dithmenos.
   962 | D:3      | Noticed Grinder
   974 | D:3      | Killed Grinder
   975 | D:3      | Reached skill level 7 in Long Blades
   975 | D:3      | Reached XP level 6. HP: 28/51 MP: 7/7
   975 | D:3      | Reached XP level 7. HP: 32/57 MP: 8/8
  1010 | D:3      | Reached skill level 8 in Long Blades
  1015 | D:3      | Found a glowing silver altar of Zin.
  1016 | D:3      | Found a hide-covered altar of Uskayaw.
  1016 | D:3      | Found an ornate altar of the Wu Jian Council.
  1027 | D:4      | Found an iron altar of Okawaru.
  1211 | D:4      | Found a staircase to the Ecumenical Temple.
  1328 | D:4      | Noticed Ijyb
  1347 | D:4      | Killed Ijyb
  1374 | D:4      | Became a worshipper of Warmaster Okawaru
  1432 | D:4      | Reached skill level 9 in Long Blades
  1484 | D:4      | Reached XP level 8. HP: 60/65 MP: 9/9
  1519 | D:5      | Entered Level 5 of the Dungeon
  1562 | D:5      | Found a bloodstained altar of Trog.
  1590 | D:4      | Found Vewid's Weapon Emporium.
  1685 | D:5      | Reached skill level 10 in Long Blades
  1689 | D:5      | Reached * piety under Okawaru
  1690 | D:5      | Reached skill level 5 in Fighting
  1711 | D:5      | Found a shimmering blue altar of Sif Muna.
  1817 | D:5      | Reached skill level 1 in Invocations
  1995 | D:6      | Gained mutation: You passively map the area around you.
                  | [Meteoran growth]
  1995 | D:6      | Reached XP level 9. HP: 67/74 MP: 11/11
  2285 | D:7      | Found a flagged portal.
  2317 | Bailey   | Entered a bailey
  2375 | Bailey   | Reached skill level 11 in Long Blades
  2582 | Bailey   | Noticed an orc knight
  2587 | Bailey   | Mangled by an orc knight

Illustrated notes

Levels and vault maps discovered:
D:1:      scummos_arrival_forest, layout_loops_ring, serial_shops, shop
D:2:      layout_basic, serial_shops, nicolae_square_shop,
          chequers_ecumenical_altar_twisty, minmay_worlds_worst_comb
D:3:      layout_loops_ring, lemuel_coloured_pillars_altar,
          chequers_temple_overflow_statue_of_worship, uniq_grinder
D:4:      layout_rooms, okawaru_ov_weapons_minmay,
          minmay_temple_entry_mini_moons, serial_shops,
          nicolae_shop_bloodbath_and_beyond, mrwooster_statue_mirror, uniq_ijyb
D:5:      layout_rooms, kennysheep_mini_moat, mainiacjoe_overflow_paths,
          serial_shops, shop, minmay_misc_feat_room, serial_park_tiny_2
D:6:      layout_rooms, uniq_edmund
D:7:      layout_basic, enter_bailey_8, minmay_bent
Bailey:   bailey_polearm_nasty_gnolls, bailey

Skill      XL: |  1  2  3  4  5  6  7  8  9 |
---------------+----------------------------+-----
Long Blades    | 3 4 5 7 9 10 11 | 11.1
Fighting       | 4 5 |  5.9
Invocations    | 2 4 |  4.5
Armour         | |  3.7
Shields        | |  3.6

Action                   |  1- 3 |  4- 6 |  7- 9 || total
-------------------------+-------+-------+-------++-------
Melee: Long sword        |   104 |    91 |   409 ||   604
Throw: Dart              |       |       |     1 ||     1
Invok: Heroism           |       |       |     2 ||     2
Evoke: Wand              |       |       |     4 ||     4
  Use: Potion            |       |     1 |     3 ||     4
       Scroll            |       |       |    12 ||    12
Armor: Scale mail        |    58 |    55 |   174 ||   287
Dodge: Dodged            |    39 |    37 |   146 ||   222
Block: Buckler           |    26 |    14 |   101 ||   141

Table legend: (Time is in decaauts)
 A = Elapsed time spent in this place.
 B = Non-inter-level travel time spent in this place.
 C = Inter-level travel time spent in this place.
 D = Time resting spent in this place.
 E = Time spent auto-exploring this place.
 F = Levels seen in this place.
 G = Mean time per level.
                   A        B        C        D        E       F      G
               +--------+--------+--------+--------+--------+-----+--------+
         Total |   2608 |   2546 |     62 |      3 |    611 |   8 |  326.0 |
       Dungeon |   2349 |   2287 |     62 |      3 |    611 |   7 |  335.6 |
        Bailey |    258 |    258 |      0 |      0 |      0 |   1 |  258.0 |
               +--------+--------+--------+--------+--------+-----+--------+

Top non-repeatable levels by time:
     D:2: 496 daAuts
     D:3: 395 daAuts
     D:1: 367 daAuts
     D:4: 319 daAuts
     D:5: 290 daAuts
     D:6: 282 daAuts
  Bailey: 258 daAuts
     D:7: 197 daAuts
